 Dungeon Crawl Stone Soup version 0.23.2-1-ga50397a (webtiles) character file.

Game seed: 9543070069518853481

142 MalarOregon the Slasher (level 5, -2/45 HPs)
             Began as a Ghoul Warper on May 26, 2019.
             Slain by a leopard gecko (5 damage)
             ... on level 3 of the Dungeon.
             The game lasted 00:04:50 (2470 turns).

MalarOregon the Slasher (Ghoul Warper)              Turns: 2470, Time: 00:04:51

Health: -2/45      AC:  3    Str: 15    XL:     5   Next: 25%
Magic:  6/6        EV: 12    Int:  9    God:
Gold:   91         SH:  0    Dex:  8    Spells: 5/7 levels left

rFire    . . .     SeeInvis .   a - +0 falchion
rCold    + . .     Gourm    .   (no shield)
rNeg     + + +     Faith    .   b - +0 leather armour
rPois    ∞         Spirit   .   (no helmet)
rElec    .         Reflect  .   (no cloak)
rCorr    .         Harm     .   (no gloves)
MR       .....                  (no boots)
Stlth    +.........             (no amulet)
HPRegen  0.00/turn              (no ring)
MPRegen  0.10/turn              (no ring)

@: rotting
A: rotting body, claws 1, carnivore, cold resistance 1, negative energy
resistance 3, inhibited regeneration, torment resistance, unbreathing
a: no special abilities


You were on level 3 of the Dungeon.
You were not hungry.

You visited 1 branch of the dungeon, and saw 3 of its levels.

You collected 91 gold pieces.

Inventory:

Hand Weapons
 a - a +0 falchion (weapon)
Missiles
 f - 5 tomahawks of dispersal (quivered) {!f}
Armour
 b - a +0 leather armour (worn)
Scrolls
 d - a scroll of blinking
 h - a scroll of random uselessness {unknown}
 j - 4 scrolls of remove curse {@r2}
 k - a scroll of teleportation {@r4}
 m - a scroll of identify {unknown}
Potions
 c - a potion of flight
 g - a potion of curing {@q1}
 n - a potion of haste {@q3}
Comestibles
 e - 7 rations {!d}


   Skills:
 + Level 3.3 Fighting
 * Level 3.6 Long Blades
 - Level 0.8 Throwing
 - Level 0.8 Armour
 + Level 2.8 Dodging
 - Level 1.7 Spellcasting
 - Level 2.6 Translocations


You had 5 spell levels left.
You knew the following spells:

 Your Spells              Type           Power        Failure   Level  Hunger
b - Blink                 Tloc           N/A          22%         2    ###....

Your spell library contained the following spells:

 Spells                   Type           Power        Failure   Level  Hunger
 Shroud of Golubria       Chrm/Tloc      #.........   36%         2    ###....
 Gell's Gravitas          Tloc           #.........   38%         3    ####...
 Lesser Beckoning         Tloc           #.........   38%         3    ####...
 Teleport Other           Tloc           #.......     38%         3    ####...
 Passage of Golubria      Tloc           N/A          80%         4    #####..


Dungeon Overview and Level Annotations

Branches:
Dungeon (3/15)

Altars:


Innate Abilities, Weirdness & Mutations

Your body is rotting away.
You thrive on raw meat.
You are immune to poison.
You have sharp fingernails.
You are carnivorous and can eat meat at any time.
Your flesh is cold resistant. (rC+)
You are immune to negative energy. (rN+++)
You do not regenerate when monsters are visible.
You are immune to unholy pain and torment.
You can survive without breathing.


Message History

You hit the worm. The leopard gecko barely misses you.
You riposte.
You barely miss the leopard gecko.
The quokka bites you but does no damage.
You completely miss the worm. The leopard gecko barely misses you.
You riposte.
You hit the leopard gecko. The quokka barely misses you.
The worm barely misses you. The leopard gecko closely misses you.
You miss the leopard gecko. The quokka bites you.
The leopard gecko barely misses you. The worm bites you.
The quokka bites you but does no damage.
You closely miss the leopard gecko. The leopard gecko bites you.
The quokka bites you.
You barely miss the leopard gecko. The leopard gecko bites you.
The quokka closely misses you. The worm closely misses you.
The leopard gecko completely misses you.
You riposte.
You miss the leopard gecko. You barely miss the leopard gecko.
The quokka barely misses you.
You riposte.
You closely miss the quokka.
The leopard gecko bites you but does no damage.
The worm bites you!
* * * LOW HITPOINT WARNING * * *
The quokka closely misses you. The leopard gecko misses you.
The quokka misses you.
You riposte.
You hit the quokka. The leopard gecko bites you.
* * * LOW HITPOINT WARNING * * *
The quokka misses you.
You hit the quokka.
You kill the quokka!
The leopard gecko bites you.
* * * LOW HITPOINT WARNING * * *
You closely miss the leopard gecko. The leopard gecko bites you.
* * * LOW HITPOINT WARNING * * *
You closely miss the leopard gecko. The leopard gecko barely misses you.
You hit the leopard gecko. The leopard gecko bites you.
* * * LOW HITPOINT WARNING * * *
The leopard gecko bites you but does no damage.
You closely miss the leopard gecko. The leopard gecko bites you.
* * * LOW HITPOINT WARNING * * *
You closely miss the leopard gecko. The leopard gecko bites you.
* * * LOW HITPOINT WARNING * * *
You barely miss the leopard gecko. The leopard gecko bites you.
* * * LOW HITPOINT WARNING * * *
The leopard gecko bites you.
* * * LOW HITPOINT WARNING * * *
You hit the leopard gecko but do no damage.
The leopard gecko bites you but does no damage.
You closely miss the leopard gecko. The leopard gecko bites you.
* * * LOW HITPOINT WARNING * * *
The leopard gecko bites you.
You die...

...........#...?.....#
...^.......#.........#
...........#....†....#
...........#........w#
...........#.........#
######.....#.........#
#.....#.........#
#.....#########.#
#.....'....@lw..#
#.....###########
#.....# #####.# #.#
#.# #.# #.# #.#


You could see a worm and a leopard gecko.

Vanquished Creatures
  Natasha (twice) (D:3)
  3 adders
  2 oozes
  A leopard gecko (D:2)
  A ball python (D:1)
  6 giant cockroaches
  5 goblins
  5 hobgoblins
  4 jackals (D:2)
  2 quokkas
  6 bats
  3 frilled lizards
  9 kobolds
  7 rats
56 creatures vanquished.

Notes
Turn   | Place    | Note
-------+----------+-------------------------------------------
     0 | D:1      | MalarOregon the Ghoul Warper began the quest for the Orb.
     0 | D:1      | Reached XP level 1. HP: 17/17 MP: 2/2
   350 | D:1      | Reached XP level 2. HP: 25/25 MP: 3/3
  1057 | D:2      | Reached XP level 3. HP: 22/30 MP: 4/4
  1229 | D:2      | Learned a level 2 spell: Blink
  1654 | D:2      | Reached XP level 4. HP: 21/37 MP: 5/5
  2054 | D:3      | Noticed Natasha
  2057 | D:3      | Killed Natasha
  2067 | D:3      | Noticed Natasha
  2097 | D:3      | Killed Natasha
  2097 | D:3      | Reached XP level 5. HP: 8/45 MP: 6/6
  2470 | D:3      | Slain by a leopard gecko

Skill      XL: |  1  2  3  4 |
---------------+-------------+-----
Long Blades    | 2 3 |  3.6
Dodging        | 2 |  2.8
Fighting       | 3 |  3.3
Throwing       | |  0.8
Armour         | |  0.8
Spellcasting   | |  1.7
Translocations | |  2.6

Action                   |  1- 3 |  4- 6 || total
-------------------------+-------+-------++-------
Melee: Falchion          |   128 |    84 ||   212
 Cast: Blink             |     1 |       ||     1
  Use: Scroll            |     3 |       ||     3
       Potion            |       |     3 ||     3
  Eat: Chunk             |    10 |     4 ||    14
Armor: Leather armour    |    29 |    26 ||    55
Dodge: Dodged            |   100 |    92 ||   192
       Rpst.: Falchion   |    35 |    36 ||    71
